 Dungeon Crawl Stone Soup version 0.30.0-15-g856e2d3f33 (webtiles) character file.

Game seed: 1121555288488760491

123 jtron the Caller (level 5, -7/27 (28) HPs)
             Began as a Tengu Summoner on May 18, 2023.
             Mangled by Crazy Yiuf
             ... wielding a +2 quarterstaff of chaos
              (14 damage)
             ... on level 2 of the Dungeon.
             The game lasted 00:06:24 (2325 turns).

jtron the Caller (Tengu Summoner)                   Turns: 2325, Time: 00:06:25

HP:   -7/27 (28)    AC:  2    Str:  9    XL:     5   Next: 7%
MP:   10/10         EV: 15    Int: 17    God:
Gold: 82            SH:  0    Dex: 14    Spells: 3/9 levels left

rFire   . . .        d - +0 short sword
rCold   . . .        (no shield)
rNeg    . . .        a - +0 robe
rPois   .            (helmet restricted)
rElec   .            (no cloak)
rCorr   .            (no gloves)
SInv    .            (boots unavailable)
Will    .....        (no amulet)
Stlth   ++           (no ring)
HPRegen 0.24/turn    (no ring)
MPRegen 0.12/turn

%: no passive effects
@: flying quickly and evasively, lightly drained, quick
A: beak, talons 3, nimble flight
a: no special abilities


You were on level 2 of the Dungeon.
You visited 1 branch of the dungeon, and saw 2 of its levels.

You collected 82 gold pieces.

Inventory:

Hand Weapons
 d - a +0 short sword (weapon)
Missiles
 h - 4 boomerangs
 l - 14 stones
 p - 3 poisoned darts
Armour
 a - a +0 robe (worn)
Scrolls
 c - a scroll of poison
 f - 2 scrolls of fog {unknown}
 g - 3 scrolls of identify {unknown}
 i - a scroll of fear {unknown}
 j - a scroll of teleportation {unknown}
 n - a scroll of enchant weapon {unknown}
Potions
 b - a potion of magic
 e - a potion of might {unknown}
 k - 2 potions of berserk rage {unknown}
 m - 2 potions of haste
 o - a potion of mutation {unknown}


   Skills:
 + Level 0.8 Fighting
 + Level 0.7 Short Blades
 + Level 2.3 Dodging
 + Level 2.6 Stealth
 + Level 2.8 Spellcasting
 + Level 6.2 Summonings
 * Level 0.4 Air Magic


You had 3 spell levels left.
You knew the following spells:

 Your Spells              Type           Power      Damage    Failure   Level
a - Summon Small Mammal   Summ           92%        N/A       1%          1
b - Call Imp              Summ           46%        N/A       1%          2
c - Call Canine Familiar  Summ           23%        N/A       4%          3

Your spell library contained the following spells:

 Spells                   Type           Power      Damage    Failure   Level
 Summon Guardian Golem    Hex/Summ       13%        N/A       16%         3
 Lesser Beckoning         Tloc           4%         N/A       26%         2
 Sublimation of Blood     Necr           2%         N/A       26%         2
 Gell's Gravitas          Tloc           2%         N/A       47%         3
 Teleport Other           Tloc           2%         N/A       47%         3
 Summon Lightning Spire   Summ/Air       13%        N/A       41%         4
 Petrify                  Tmut/Erth      2%         N/A       87%         4
 Irradiate                Conj/Tmut      1%         3d12      99%         5


Dungeon Overview and Level Annotations

Branches:
Dungeon (2/15)

Altars:

Annotations:
D:2 Crazy Yiuf


Innate Abilities, Weirdness & Mutations

You have a beak for a mouth.
You have claws for feet.
Your magical nature lets you fly swiftly and evasively.


Message History

Your hound dies!
Your hound's corpse disappears in a puff of smoke!
Your quokka barely misses Crazy Yiuf.
Casting: Summon Small Mammal (safe; 1% risk of failure)
Confirm with . or Enter, or press ? or * to list all spells.
You don't have enough magic to cast this spell.
Casting: Summon Small Mammal (safe; 1% risk of failure)
Confirm with . or Enter, or press ? or * to list all spells.
A tiny devil pulls itself out of the air.
Your quokka bites Crazy Yiuf but does no damage.
You barely miss Crazy Yiuf.
Crazy Yiuf is lightly wounded.
Your quokka misses Crazy Yiuf.
Crazy Yiuf hits you with a +2 quarterstaff of chaos!
Your cerulean imp hits Crazy Yiuf but does no damage.
You completely miss Crazy Yiuf. You peck Crazy Yiuf, but do no damage.
Crazy Yiuf is lightly wounded.
Your quokka closely misses Crazy Yiuf.
Crazy Yiuf hits you but does no damage.
Your cerulean imp hits Crazy Yiuf with a -2 spear.
You hit Crazy Yiuf but do no damage. You claw Crazy Yiuf.
Crazy Yiuf is moderately wounded.
Your quokka barely misses Crazy Yiuf.
Crazy Yiuf cries, "Candle!
Snoogle meccalolo arga."
Crazy Yiuf hits you with a +2 quarterstaff of chaos!
You feel drained.
You hit Crazy Yiuf but do no damage. Your peck misses Crazy Yiuf.
Crazy Yiuf is moderately wounded.
Your cerulean imp hits Crazy Yiuf but does no damage.
Your quokka barely misses Crazy Yiuf.
Crazy Yiuf misses you.
Your quokka barely misses Crazy Yiuf.
Your cerulean imp hits Crazy Yiuf but does no damage.
You aren't carrying any items that you can evoke.
Magic courses through your body.
Your cerulean imp hits Crazy Yiuf from afar with a -2 spear.
Your quokka bites Crazy Yiuf.
Crazy Yiuf hits you with a +2 quarterstaff of chaos!
* * * LOW HITPOINT WARNING * * *
You are electrocuted!
Ouch! That really hurt!
You die...

...........# ♣.♣♣ #.##
.......#.#.# ♣♣g♣ #.#
+##.#..#.### ♣.♣♣ #.#
.......#<# ♣♣.♣ #.#
.......#.# ♣♣.♣♣ #.#
....##.#.### ♣♣...♣ #.#
...........# ♣.r.5♣ #.##
.#.###....## #.g..# #..#
.#........######@.####.##
............#.#.....#..#
##.#####.##.......#.#..#
......##........#.#.#..#
...##.#######.#...[..).#
...)..........#####.#.##
#####....####.........#
####.# #.#######.# #.#
#)# #.#


You could see Crazy Yiuf (ally target), a friendly cerulean imp (summoned) and a
friendly quokka (summoned).

Vanquished Creatures
  An adder (D:2)
  2 bats
  3 endoplasms (D:1)
  A giant cockroach (D:1)
  10 goblins
  3 hobgoblins (D:2)
  A quokka (D:2)
  A frilled lizard (D:1)
  A rat (D:1)
23 creatures vanquished.

Vanquished Creatures (collateral kills)
  Terence (D:2)
  Robin (D:2)
  2 adders (D:2)
  2 dart slugs (D:2)
  2 ball pythons (D:1)
  2 bats
  5 endoplasms
  2 hobgoblins
  A quokka (D:2)
  6 goblins
  2 kobolds
  A rat (D:1)
27 creatures vanquished.

Grand Total: 50 creatures vanquished

Notes
Turn   | Place    | Note
-------+----------+-------------------------------------------
     0 | D:1      | jtron the Tengu Summoner began the quest for the Orb.
     0 | D:1      | Reached XP level 1. HP: 10/10 MP: 4/4
   166 | D:1      | Reached skill level 5 in Summonings
   236 | D:1      | Reached XP level 2. HP: 15/15 MP: 3/6
   965 | D:1      | Reached XP level 3. HP: 19/19 MP: 5/7
   968 | D:1      | Learned a level 2 spell: Call Imp
   972 | D:1      | Learned a level 3 spell: Call Canine Familiar
  1307 | D:2      | Noticed Robin
  1311 | D:2      | Reached skill level 6 in Summonings
  1331 | D:2      | Killed Robin
  1332 | D:2      | Reached XP level 4. HP: 16/24 MP: 2/8
  1468 | D:2      | Noticed Terence
  1487 | D:2      | Killed Terence
  1908 | D:2      | Gained mutation: Your magical nature lets you fly swiftly
                  | and evasively. [Tengu growth]
  1908 | D:2      | Reached XP level 5. HP: 25/28 MP: 4/10
  2102 | D:2      | Found a runed translucent door.
  2103 | D:2      | Noticed Crazy Yiuf
  2325 | D:2      | Mangled by Crazy Yiuf

Illustrated notes

Levels and vault maps discovered:
D:1:      amcnicky_arrival_abandoned_market, layout_loops_corners, st_stairs_13
D:2:      layout_basic, minmay_quadrilaterals, uniq_crazy_yiuf_cottage,
          uniq_robin, uniq_terence

Skill      XL: |  1  2  3 |
---------------+----------+-----
Summonings     | 5 6 |  6.2
Fighting       | |  0.8
Short Blades   | |  0.7
Dodging        | |  2.3
Stealth        | |  2.6
Spellcasting   | |  2.8
Air Magic      | |  0.4

Action                     |  1- 3 |  4- 6 || total
---------------------------+-------+-------++-------
  Melee: Short sword       |    38 |    23 ||    61
         Punch             |     2 |       ||     2
         Kick              |     6 |     5 ||    11
         Peck              |     7 |     4 ||    11
   Cast: Summon Small Mamm |    33 |     2 ||    35
         Call Canine Famil |     2 |     7 ||     9
         Call Imp          |     2 |     4 ||     6
    Use: Scroll            |     1 |       ||     1
         Potion            |       |     1 ||     1
   Stab: Sleeping          |     3 |     1 ||     4
         Distracted        |     1 |       ||     1
 Armour: Robe              |    11 |     5 ||    16
  Dodge: Dodged            |    21 |     9 ||    30
